 Dungeon Crawl Stone Soup version 0.21.0-25-ge575cb9ce8 (webtiles) character file.

137 Hat the Chopper (level 5, 0/46 HPs)
             Began as a Deep Dwarf Berserker on Jan 24, 2018.
             Was a Believer of Trog.
             Killed by nerve-wracking pain
             ... invoked by Menkaure
              (8 damage)
             ... on level 2 of the Dungeon.
             The game lasted 00:15:11 (1863 turns).

Hat the Chopper (Deep Dwarf Berserker)              Turns: 1863, Time: 00:15:11

Health: 0/46       AC: 10    Str: 22    XL:     5   Next: 0%
Magic:  5/5        EV: 11    Int:  7    God:    Trog [**....]
Gold:   112        SH:  0    Dex: 12    Spells: 4/4 levels left

rFire    . . .     SeeInvis .   a - +0 hand axe
rCold    . . .     Gourm    .   (no shield)
rNeg     . . .     Faith    .   k - +0 ring mail
rPois    .         Spirit   .   m - +0 helmet
rElec    .         Reflect  .   n - +0 cloak (curse)
rCorr    .         Harm     +   h - +0 pair of gloves
MR       .....                  e - +1 pair of boots
Stlth    +.........             g - amulet of harm
HPRegen  0.00/turn              (no ring)
MPRegen  0.09/turn              (no ring)

@: non-regenerating
A: damage resistance, heal wounds, sense surroundings 1, no regeneration
a: Heal Wounds, Berserk, Trog's Hand, Burn Spellbooks, Renounce Religion


You were on level 2 of the Dungeon.
You worshipped Trog.
Trog was pleased with you.
You were not hungry.

You visited 1 branch of the dungeon, and saw 3 of its levels.

You collected 112 gold pieces.

Inventory:

Hand Weapons
 a - a +0 hand axe (weapon)
 b - a +3 quarterstaff of chaos
Armour
 e - a +1 pair of boots (worn)
 h - a +0 pair of gloves (worn)
 k - a +0 ring mail (worn)
 m - a +0 helmet (worn)
 n - a cursed +0 cloak (worn)
Jewellery
 g - an amulet of harm (around neck)
Scrolls
 i - a scroll of noise
 j - 2 scrolls of remove curse
 l - a scroll of fear {unknown}
Potions
 f - a potion of ambrosia
Comestibles
 c - 5 rations


   Skills:
 - Level 2.6 Fighting
 + Level 6.3 Axes
 - Level 2.1 Armour
 - Level 2.1 Dodging


You had 4 spell levels left.
You didn't know any spells.

Dungeon Overview and Level Annotations

Branches:
Dungeon (3/15)

Altars:
Kikubaaqudgha
Nemelex Xobeh
Yredelemnul

Annotations:
D:2 Menkaure
D:3 Ijyb


Innate Abilities, Weirdness & Mutations

You are resistant to damage.
You can heal yourself by infusing magical energy.
You passively map a small area around you.
You do not regenerate.


Message History

You can now call upon Trog for regeneration and magic resistance.
You have reached level 5!
Menkaure calls on the powers of darkness!
Your body is wracked with pain!
* * * LOW HITPOINT WARNING * * *
Menkaure calls on the powers of darkness!
Your body is wracked with pain!
* * * LOW HITPOINT WARNING * * *
You hit Menkaure.
Menkaure is lightly damaged.
You barely miss the phantom. The phantom closely misses you.
The phantom blinks!
Menkaure mumbles some strange words.
Menkaure seems to speed up.
Menkaure calls on the powers of darkness!
Your body is wracked with pain!
* * * LOW HITPOINT WARNING * * *
Menkaure gestures at you while chanting.
Pain shoots through your body!
You die...

#........# #......#.##
#........# #......#.##
#........####......#.##
#.######....#........## ##.##
#.....#..........
#######...####.....#.......###
#.......©.........####...#..##
#.#############...####...##.##
#.#..........@#...#......##..#
#.#...........#......#)#####.#
#.#..##...##..#.######.# ##'#
#.#..#8...8#..#.#....))# #...
#.#..##...##M.#.#.###### #...
#.#.....©.....#.#.#########...
#.#..##...##..#.#.##..........
#.#..#8...8#..#.#'##..........
#.#..##...##..#.............##


You could see Menkaure.

Vanquished Creatures
  Crazy Yiuf (D:2)
  Robin (D:2)
  2 adders (D:2)
  2 oozes
  An adder skeleton (D:2)
  A worm (D:2)
  A leopard gecko (D:1)
  3 bats
  A giant cockroach (D:2)
  15 goblins (D:2)
  10 hobgoblins
  5 jackals (D:1)
  4 kobolds
  2 ball pythons (D:2)
  5 frilled lizards
  A giant cockroach zombie (D:2)
  A leopard gecko zombie (D:2)
  4 rats
60 creatures vanquished.

Notes
Turn   | Place    | Note
-------+----------+-------------------------------------------
     0 | D:1      | Hat the Deep Dwarf Berserker began the quest for the Orb.
     0 | D:1      | Reached XP level 1. HP: 20/20 MP: 1/1
   183 | D:1      | Reached XP level 2. HP: 6/27 MP: 2/2
   186 | D:1      | Reached skill level 4 in Axes
   951 | D:2      | Reached XP level 3. HP: 21/33 MP: 3/3
   982 | D:2      | Found a basalt altar of Yredelemnul.
  1005 | D:2      | Noticed Robin
  1011 | D:2      | Reached skill level 5 in Axes
  1013 | D:2      | Reached ** piety under Trog
  1044 | D:2      | Killed Robin
  1044 | D:2      | Reached XP level 4. HP: 11/40 MP: 4/4
  1222 | D:2      | Found a transporter.
  1227 | D:2      | Found a transporter.
  1331 | D:2      | Noticed a phantom
  1332 | D:2      | Found an ancient bone altar of Kikubaaqudgha.
  1336 | D:2      | Noticed Menkaure
  1463 | D:2      | Found a runed door.
  1467 | D:2      | Noticed Crazy Yiuf
  1477 | D:2      | Killed Crazy Yiuf
  1477 | D:2      | Reached skill level 6 in Axes
  1541 | D:2      | Found a sparkling altar of Nemelex Xobeh.
  1634 | D:3      | Noticed Ijyb
  1787 | D:2      | HP: 1/40 [phantom (5)]
  1854 | D:2      | Reached XP level 5. HP: 25/46 MP: 5/5
  1863 | D:2      | Killed from afar by Menkaure

Skill      XL: |  1  2  3  4 |
---------------+-------------+-----
Axes           | 4 5 6 |  6.3
Fighting       | |  2.6
Armour         | |  2.1
Dodging        | |  2.1

Action                   |  1- 3 |  4- 6 || total
-------------------------+-------+-------++-------
Melee: Hand axe          |   140 |    69 ||   209
Invok: Trog's Hand       |     2 |     4 ||     6
  Use: Scroll            |     4 |     3 ||     7
       Potion            |     2 |     1 ||     3
  Eat: Chunk             |       |     5 ||     5
Armor: Animal skin       |    28 |     2 ||    30
       Ring mail         |       |    13 ||    13
Dodge: Dodged            |    82 |    22 ||   104
